 Dungeon Crawl Stone Soup version 0.23.2-1-ga50397a (webtiles) character file.

Game seed: 5640230623875632018

3997 Kairos the Grappler (level 10, -25/81 HPs)
             Began as a Ghoul Monk on Apr 24, 2019.
             Was a Priest of Okawaru.
             Killed by the air
             ... invoked by Gastronok
              (30 damage)
             ... on level 8 of the Dungeon.
             The game lasted 00:22:57 (8243 turns).

Kairos the Grappler (Ghoul Monk)                    Turns: 8243, Time: 00:22:58

Health: -25/81     AC: 17    Str: 19    XL:     10   Next: 23%
Magic:  9/9        EV:  9    Int:  5    God:    Okawaru [***...]
Gold:   230        SH:  0    Dex: 11    Spells: 9/9 levels left

rFire    . . .     SeeInvis +     - Unarmed
rCold    + . .     Gourm    .   (no shield)
rNeg     + + +     Faith    .   k - +0 chain mail
rPois    ∞         Spirit   .   o - +1 helmet
rElec    .         Reflect  .   g - +2 cloak
rCorr    .         Harm     .   p - +0 pair of gloves
MR       .....                  (no boots)
Stlth    ..........             (no amulet)
HPRegen  0.00/turn              w - ring of see invisible
MPRegen  0.11/turn              (no ring)

@: rotting
A: rotting body, claws 1, carnivore, cold resistance 1, negative energy
resistance 3, inhibited regeneration, torment resistance, unbreathing
a: Heroism, Renounce Religion


You were on level 8 of the Dungeon.
You worshipped Okawaru.
Okawaru was most pleased with you.
You were not hungry.

You visited 2 branches of the dungeon, and saw 9 of its levels.

You collected 446 gold pieces.
You spent 216 gold pieces at shops.

Inventory:

Hand Weapons
 c - a +3 mace of venom
 x - a +0 quarterstaff
 y - a +1 dagger of draining
Missiles
 m - 8 tomahawks
 D - 2 throwing nets (quivered)
Armour
 a - a +0 robe
 g - a +2 cloak (worn)
 k - a +0 chain mail (worn)
 o - a +1 helmet (worn)
 p - a +0 pair of gloves (worn)
Jewellery
 u - an uncursed ring of fire
 w - a ring of see invisible (left hand)
Wands
 j - a wand of scattershot (12)
Scrolls
 e - 3 scrolls of fog
 h - 2 scrolls of identify
 n - 2 scrolls of blinking
 q - 5 scrolls of fear
 t - a scroll of immolation {unknown}
 v - a scroll of enchant weapon
 A - 2 scrolls of teleportation
 B - a scroll of amnesia
Potions
 d - a potion of flight
 f - a potion of might
 i - 4 potions of curing
 l - a potion of haste
 r - a potion of cancellation
 s - a potion of magic
 z - 2 potions of ambrosia {unknown}
 C - a potion of berserk rage {unknown}
Comestibles
 b - 10 rations


   Skills:
 + Level 5.4 Fighting
 + Level 0.1 Throwing
 + Level 6.2 Armour
 + Level 5.0 Dodging
 + Level 3.7 Stealth
 + Level 12.0 Unarmed Combat


You had 9 spell levels left.
You didn't know any spells.
Your spell library was empty.

Dungeon Overview and Level Annotations

Branches:
Dungeon (8/15)             Temple (1/1) D:7
   Lair: D:8-11

Altars:
Ashenzari
Cheibriados
Dithmenos
Elyvilon
Gozag
Hepliaklqana
Kikubaaqudgha
Makhleb
Nemelex Xobeh
Okawaru
Qazlal
Ru
Sif Muna
Uskayaw
Vehumet
Wu Jian
Xom
Yredelemnul
Zin
The Shining One

Shops:
D:5 **!?   D:7 (

Annotations:
D:5 2 transporters, Aske's ghost, novice GrGl
D:8 Gastronok


Innate Abilities, Weirdness & Mutations

Your body is rotting away.
You thrive on raw meat.
You are immune to poison.
You have sharp fingernails.
You are carnivorous and can eat meat at any time.
Your flesh is cold resistant. (rC+)
You are immune to negative energy. (rN+++)
You do not regenerate when monsters are visible.
You are immune to unholy pain and torment.
You can survive without breathing.


Message History

You punch Gastronok!
Gastronok is severely wounded.
The quokka bites you. The rat bites you but does no damage.
The bullfrog zombie completely misses you.
Gastronok bites you!!
* * * LOW HITPOINT WARNING * * *
Unknown command.
You punch Gastronok!
Gastronok is severely wounded.
The quokka bites you.
* * * LOW HITPOINT WARNING * * *
The bullfrog zombie hits you but does no damage.
The rat closely misses you.
Unknown command.
The quokka twitches its whiskers.
The quokka barely misses you. The bullfrog zombie closely misses you.
The rat bites you but does no damage.
Gastronok waves his eye-stalks in wide circles.
The air twists around and strikes you!
You die...

... > # .# .. .#
... .# ....
.##...#
####.#....
#@wr.'....
......rZr..#...
#.....#r((##
#####.#...#
...(.........[.
........#.....[
....!..###......
/......# #....
<...... ....


You could see Gastronok, a river rat, a bullfrog zombie, 2 quokkas and a rat.

Vanquished Creatures
  Harold (D:7)
  Joseph (D:8)
  A troll (D:8)
  Grinder (D:4)
  Sigmund (D:5)
  Duvessa (D:5)
  An ice beast (D:5)
  4 ogres
  A necrophage (D:8)
  2 centaurs
  2 bullfrogs (D:7)
  Dowan (D:5)
  A scorpion (D:4)
  4 howler monkeys
  3 crimson imps
  4 hounds
  A centaur zombie (D:8)
  6 orc priests
  8 orc wizards
  Natasha (twice) (D:2)
  An iguana (D:6)
  7 worker ants
  The ghost of PeMo the Slasher, a weakling MiMo (D:4)
  A howler monkey zombie (D:3)
  Robin (D:2)
  8 gnolls
  6 adders
  An ooze (D:1)
  2 adder zombies
  3 worms
  3 dart slugs
  4 leopard geckos
  20 orcs
  16 bats
  5 giant cockroaches
  18 goblins
  14 hobgoblins
  14 jackals
  4 quokkas
  2 ball pythons
  3 frilled lizards (D:1)
  7 kobolds
  A leopard gecko zombie (D:7)
  8 rats
196 creatures vanquished.

Notes
Turn   | Place    | Note
-------+----------+-------------------------------------------
     0 | D:1      | Kairos the Ghoul Monk began the quest for the Orb.
     0 | D:1      | Reached XP level 1. HP: 19/19 MP: 0/0
   610 | D:1      | Reached XP level 2. HP: 26/26 MP: 1/1
   983 | D:1      | Reached XP level 3. HP: 20/31 MP: 2/2
  1388 | D:2      | Noticed Natasha
  1419 | D:2      | Killed Natasha
  1419 | D:2      | Reached skill level 4 in Unarmed Combat
  1419 | D:2      | Reached XP level 4. HP: 29/39 MP: 3/3
  1682 | D:2      | Noticed Robin
  1704 | D:2      | Killed Robin
  1954 | D:2      | Found a faded altar of an unknown god.
  1960 | D:2      | Reached XP level 5. HP: 44/45 MP: 4/4
  2023 | D:2      | Noticed Natasha
  2076 | D:2      | Killed Natasha
  2520 | D:3      | Reached skill level 5 in Unarmed Combat
  2536 | D:3      | You fall through a shaft!
  2552 | D:4      | Found a transporter.
  2554 | D:4      | Found a transporter.
  2554 | D:4      | Noticed an ogre
  2555 | D:4      | Noticed PeMo's ghost (weakling MiMo)
  2571 | D:4      | Noticed an ogre
  2590 | D:4      | Noticed a centaur
  2634 | D:3      | Reached XP level 6. HP: 19/51 MP: 5/5
  3128 | D:3      | Reached skill level 6 in Unarmed Combat
  3424 | D:4      | Reached XP level 7. HP: 42/59 MP: 6/6
  3439 | D:4      | Reached skill level 1 in Armour
  3842 | D:4      | Reached skill level 7 in Unarmed Combat
  3951 | D:4      | Reached XP level 8. HP: 24/67 MP: 7/7
  3981 | D:4      | Reached skill level 8 in Unarmed Combat
  4542 | D:4      | Killed PeMo's ghost
  4802 | D:5      | Entered Level 5 of the Dungeon
  4802 | D:5      | Noticed Grinder
  4857 | D:5      | Paralysed by Grinder for 4 turns
  4880 | D:4      | Paralysed by Grinder for 5 turns
  5235 | D:4      | Paralysed by Grinder for 7 turns
  5277 | D:4      | Killed Grinder
  5316 | D:5      | Reached skill level 5 in Fighting
  5333 | D:5      | Found Omuamery's Magic Scroll Shop.
  5362 | D:5      | Found Axibosil's Distillery.
  5418 | D:5      | Reached skill level 9 in Unarmed Combat
  5469 | D:5      | Found a stormy altar of Qazlal.
  5508 | D:5      | Noticed Sigmund
  5520 | D:5      | Killed Sigmund
  5520 | D:5      | Reached XP level 9. HP: 72/74 MP: 8/8
  5647 | D:5      | Found Safuggeg's Assorted Antiques.
  5660 | D:5      | Bought a scroll labeled UTITSE JECZIN for 23 gold pieces
  5660 | D:5      | Bought a scroll labeled EJORAHI CIFUFE for 23 gold pieces
  5660 | D:5      | Bought a scroll labeled EJORAHI CIFUFE for 23 gold pieces
  5710 | D:5      | Found Uhio's General Store.
  5726 | D:5      | Noticed Dowan
  5753 | D:5      | Noticed Aske's ghost (novice GrGl)
  5790 | D:5      | Noticed Duvessa
  5795 | D:5      | Found a transporter.
  5841 | D:5      | Killed Duvessa
  5851 | D:5      | Killed Dowan
  6116 | D:5      | Found a transporter.
  6202 | D:5      | Bought a scroll of identify for 28 gold pieces
  6202 | D:5      | Bought a scroll of identify for 28 gold pieces
  6209 | D:5      | Bought a scroll of remove curse for 42 gold pieces
  6215 | D:5      | Bought a scroll of fear for 49 gold pieces
  6471 | D:6      | Found a snail-covered altar of Cheibriados.
  6471 | D:6      | Found a burning altar of Makhleb.
  6473 | D:6      | Found a hazy altar of Hepliaklqana.
  6473 | D:6      | Found a deep blue altar of Sif Muna.
  6473 | D:6      | Found a white marble altar of Elyvilon.
  6473 | D:6      | Found a hide-covered altar of Uskayaw.
  6473 | D:6      | Found a shadowy altar of Dithmenos.
  6640 | D:7      | Found Nigg's Weapon Shop.
  6647 | D:7      | Reached skill level 10 in Unarmed Combat
  6694 | D:7      | Found a staircase to the Ecumenical Temple.
  6705 | Temple   | Entered the Ecumenical Temple
  6848 | Temple   | Became a worshipper of Warmaster Okawaru
  6848 | Temple   | Reached * piety under Okawaru
  6848 | Temple   | Reached ** piety under Okawaru
  7237 | D:8      | Noticed Harold
  7304 | D:8      | Noticed a troll
  7335 | D:7      | Killed Harold
  7335 | D:7      | Reached skill level 5 in Armour
  7335 | D:7      | Reached skill level 11 in Unarmed Combat
  7439 | D:8      | Killed a troll
  7439 | D:8      | Reached skill level 5 in Dodging
  7600 | D:8      | Noticed Joseph
  8110 | D:7      | Reached *** piety under Okawaru
  8114 | D:7      | Reached XP level 10. HP: 71/80 MP: 9/9
  8171 | D:8      | Noticed Gastronok
  8177 | D:8      | Killed Joseph
  8215 | D:7      | Reached skill level 12 in Unarmed Combat
  8243 | D:8      | Killed from afar by Gastronok

Skill      XL: |  1  2  3  4  5  6  7  8  9 10 |
---------------+-------------------------------+-----
Dodging        | 3 4 5 |  5.0
Unarmed Combat | 4 5 6 7 9 11 12 | 12.0
Stealth        | 3 |  3.7
Fighting       | 4 5 |  5.4
Armour         | 2 3 5 6 |  6.2
Throwing       | |  0.1

Action                   |  1- 3 |  4- 6 |  7- 9 | 10-12 || total
-------------------------+-------+-------+-------+-------++-------
Melee: Unarmed           |    69 |   355 |   429 |    75 ||   928
       Punch             |     1 |     3 |     7 |     2 ||    13
Throw: Throwing net      |       |       |     2 |       ||     2
Invok: Heroism           |       |       |     1 |     1 ||     2
  Use: Scroll            |       |     4 |    12 |       ||    16
       Potion            |       |     1 |     8 |       ||     9
 Stab: Sleeping          |     7 |     2 |       |       ||     9
       Distracted        |       |     1 |       |       ||     1
  Eat: Chunk             |     2 |    33 |    19 |     9 ||    63
Armor: Robe              |    14 |    98 |       |       ||   112
       Chain mail        |       |    87 |   348 |   147 ||   582
Dodge: Dodged            |    48 |   243 |   183 |   120 ||   594
